 Dungeon Crawl Stone Soup version 0.25-a0-479-g8579842fd4 (webtiles) character file.

Game seed: 2813069052858659317, levelgen mode: deterministic

138 Alarak the Conjurer (level 5, -7/28 HPs)
             Began as a Deep Elf Conjurer on Feb 9, 2020.
             Was an Initiate of Vehumet.
             Mangled by an orc wizard
             ... wielding a +0 dagger of electrocution
              (12 damage)
             ... on level 3 of the Dungeon.
             The game lasted 00:19:55 (1877 turns).

Alarak the Conjurer (Deep Elf Conjurer)             Turns: 1877, Time: 00:19:56

Health: -7/28      AC:  2    Str:  5    XL:     5   Next: 1%
Magic:  4/13       EV: 28    Int: 21    God:    Vehumet [......]
Gold:   93         SH:  0    Dex: 15    Spells: 6/12 levels left

rFire    . . .     SeeInvis .   k - +2 dagger (speed)
rCold    . . .     Gourm    .   (no shield)
rNeg     . . .     Faith    .   a - +0 robe
rPois    .         Spirit   .   (no helmet)
rElec    .         Reflect  .   (no cloak)
rCorr    .         Harm     .   (no gloves)
MR       .....                  (no boots)
Stlth    ++........             f - amulet of the acrobat
HPRegen  0.09/turn              (no ring)
MPRegen  0.13/turn              (no ring)

@: acrobat, very slightly contaminated
A: no striking features
a: Renounce Religion


You were on level 3 of the Dungeon.
You worshipped Vehumet.
Vehumet was noncommittal.
You were not hungry.

You visited 1 branch of the dungeon, and saw 3 of its levels.

You collected 93 gold pieces.

Inventory:

Hand Weapons
 d - a +0 dagger
 k - a +2 dagger of speed (weapon)
 l - a +3 quarterstaff of chaos
 n - a +0 dagger
Missiles
 e - a throwing net (quivered)
Armour
 a - a +0 robe (worn)
 m - a +1 cloak of invisibility
Jewellery
 f - an amulet of the acrobat (around neck)
Scrolls
 b - a scroll of magic mapping {unknown}
 g - 3 scrolls of remove curse {unknown}
 h - a scroll of enchant armour {unknown}
 j - a scroll of identify {unknown}
Potions
 i - 2 potions of degeneration {unknown}
Comestibles
 c - 3 rations
 o - 6 chunks of flesh


   Skills:
 + Level 2.9 Dodging
 - Level 2.4 Stealth
 + Level 4.2 Spellcasting
 + Level 6.2 Conjurations
 * Level 0.2 Hexes


You had 6 spell levels left.
You knew the following spells:

 Your Spells              Type           Power        Failure   Level  Hunger
a - Magic Dart            Conj           ####         1%          1    None
b - Searing Ray           Conj           ####..       1%          2    #......
c - Dazzling Flash        Conj/Hex       ###...       10%         3    ###....

Your spell library contained the following spells:

 Spells                   Type           Power        Failure   Level  Hunger
 Fulminant Prism          Conj/Hex       ###.......   30%         4    ####...
 Iskenderun's Mystic Bla  Conj/Tloc      ###.....     32%         4    ####...


Dungeon Overview and Level Annotations

Branches:
Dungeon (3/15)

Altars:
Dithmenos
Elyvilon
Nemelex Xobeh
Qazlal
Vehumet
Wu Jian

Annotations:
D:3 Natasha


Message History

Aim: an orc wizard, wielding a +0 dagger of electrocution and wearing a +0 robe (heavily wounded, fast)
You miscast Searing Ray.
Your skin glows momentarily.
The orc wizard looks encouraged for a moment.
Natasha wildly gestures.
You feel disoriented. The orc wizard closely misses you.
The orc wizard casts a cantrip, but nothing happens.
The orc wizard barely misses you.
Natasha mumbles some strange words.
The orc wizard completely misses you.
Natasha stares at you and mumbles some strange words.
The magic dart hits you!
* * * LOW HITPOINT WARNING * * *
The orc wizard points at you and mumbles some strange words.
The puff of flame misses you.
The crimson imp blinks!
Natasha casts a spell.
The orc wizard hits you with a +0 dagger of electrocution.
* * * LOW HITPOINT WARNING * * *
You are electrocuted!
You die...

#o# #....................#
#.# #....#####........####
..#####.##...#..............#
#..........# ########.......#
######...### #........###
####..##### ###.##.......#
#.......[.#####...###......#
#..[...oh.5.##.≈## #....###
#(...5.÷..≈≈o@.≈#####....#
#........#.≈≈..≈≈≈.#.....#
#.........##≈≈.#..≈≈.#####
########.#.######≈≈### #.##.#
#≈≈≈## #.# ##≈≈≈### #.≈ ####
^≈


You could see an orc priest, an orc wizard, Natasha and a shadow imp.

Vanquished Creatures
  Crazy Yiuf (D:2)
  A killer bee zombie (D:3)
  3 adders
  2 oozes
  A worm (D:2)
  A dart slug (D:1)
  An orc (D:3)
  2 giant cockroaches (D:1)
  5 goblins
  6 hobgoblins
  3 jackals (D:3)
  3 kobolds
  A quokka (D:2)
  9 bats
  3 frilled lizards (D:1)
  5 rats
47 creatures vanquished.

Notes
Turn   | Place    | Note
-------+----------+-------------------------------------------
     0 | D:1      | Alarak the Deep Elf Conjurer began the quest for the Orb.
     0 | D:1      | Reached XP level 1. HP: 10/10 MP: 6/6
   186 | D:1      | Reached XP level 2. HP: 15/15 MP: 5/8
   192 | D:1      | Learned a level 2 spell: Searing Ray
   234 | D:1      | Reached skill level 5 in Conjurations
   644 | D:1      | Reached XP level 3. HP: 19/19 MP: 4/9
   881 | D:2      | Found a runed translucent door.
   882 | D:2      | Noticed Crazy Yiuf
  1244 | D:2      | Found a radiant altar of Vehumet.
  1246 | D:2      | Found a stormy altar of Qazlal.
  1246 | D:2      | Found a shadowy altar of Dithmenos.
  1246 | D:2      | Found a white marble altar of Elyvilon.
  1247 | D:2      | Found an ornate altar of the Wu Jian Council.
  1247 | D:2      | Found a sparkling altar of Nemelex Xobeh.
  1269 | D:2      | Became a worshipper of Vehumet
  1559 | D:2      | Killed Crazy Yiuf
  1559 | D:2      | Reached XP level 4. HP: 24/24 MP: 7/11
  1699 | D:3      | Reached skill level 6 in Conjurations
  1752 | D:3      | Learned a level 3 spell: Dazzling Flash
  1855 | D:3      | Reached XP level 5. HP: 28/28 MP: 6/13
  1863 | D:3      | Noticed Natasha
  1877 | D:3      | Mangled by an orc wizard

Levels and vault maps discovered:
D:1:      ncdulo_wetmaze, layout_loops_ring
D:2:      layout_basic, grunt_temple_overflow_open, uniq_crazy_yiuf_cottage
D:3:      layout_rooms, chequers_serial_rivers_small_b, uniq_natasha

Skill      XL: |  1  2  3  4 |
---------------+-------------+-----
Conjurations   | 5 6 |  6.2
Spellcasting   | 4 |  4.2
Dodging        | |  2.9
Stealth        | |  2.4
Hexes          | |  0.2

Action                   |  1- 3 |  4- 6 || total
-------------------------+-------+-------++-------
 Cast: Magic Dart        |    53 |     8 ||    61
       Searing Ray       |     8 |     6 ||    14
  Eat: Chunk             |     1 |     2 ||     3
Armor: Robe              |     5 |       ||     5
Dodge: Dodged            |    18 |    20 ||    38

Table legend:
 A = Non-vault XP
 B = Vault XP
 C = Vault XP percentage of total XP
 D = Non-vault monster count
 E = Vault monster count
 F = Vault count percentage of total count
                 A         B        C        D         E       F
            +---------+---------+-------+---------+---------+-------
      Total |     156 |      42 |  21.2 |      46 |       1 |   2.1
            +---------+---------+-------+---------+---------+-------
        D:1 |      49 |       0 |   0.0 |      27 |       0 |   0.0
        D:2 |      29 |      42 |  59.2 |       8 |       1 |  11.1
        D:3 |      78 |       0 |   0.0 |      11 |       0 |   0.0
            +---------+---------+-------+---------+---------+-------
